 Dungeon Crawl Stone Soup version 0.17.1-1-g73c8601 (webtiles) character file.

184 demifrog the Skirmisher (level 5, -1/51 HPs)
             Began as a Gargoyle Fighter on Dec 24, 2015.
             Killed by divine providence
             ... invoked by an orc priest
              (15 damage)
             ... on level 4 of the Dungeon.
             The game lasted 00:08:17 (1579 turns).

demifrog the Skirmisher (Gargoyle Fighter)          Turns: 1579, Time: 00:08:19

Health: -1/51      AC: 22    Str: 21    XL:     5   Next: 64%
Magic:  5/5        EV:  2    Int:  8    God:
Gold:   92         SH:  9    Dex:  9    Spells: 0 memorised, 4 levels left

rFire  . . .     SeeInvis .     a - +0 flail
rCold  . . .     Clarity  .     (armour currently unavailable)
rNeg   + + +     SustAt   .     c - +0 shield
rPois  ∞         Gourm    .     (helmet currently unavailable)
rElec  .         Spirit   .     (cloak currently unavailable)
rCorr  .         Warding  .     (gloves currently unavailable)
rMut   .         NoTele   +     (boots currently unavailable)
MR     .....                    f - amulet of rage
Stlth  +.........               (no ring)
                                (no ring)

@: exhausted, tree-form, slowed, very slow, not resistant to hostile
enchantments, very unstealthy
A: negative energy resistance 1, (electricity resistance), (unbreathing),
petrification resistance, rot immunity, AC +4
a: Evoke Berserk Rage


You were on level 4 of the Dungeon.
You were not hungry.
You were a tree.
You visited 1 branch of the dungeon, and saw 4 of its levels.

You collected 92 gold pieces.

Inventory:

Hand Weapons
 a - a +0 flail (weapon)
Armour
 b - a +0 scale mail
 c - a +0 shield (worn)
 m - a +0 chain mail (melded)
Jewellery
 f - an amulet of rage (around neck)
Scrolls
 l - a scroll of fog
Potions
 h - a potion of mutation
 i - a potion of agility
 k - a potion of curing {unknown}
 n - a potion of lignification
 o - 2 potions of poison {unknown}
Comestibles
 d - 9 chunks of flesh
 e - 3 bread rations
 j - 2 meat rations


   Skills:
 + Level 4.4 Fighting
 + Level 3.0 Maces & Flails
 + Level 4.2 Armour
 + Level 4.3 Shields
 + Level 1.0 Evocations


You had 4 spell levels left.
You didn't know any spells.

Dungeon Overview and Level Annotations

Branches:
Dungeon (4/15)
 Temple: D:4-7

Altars:


Innate Abilities, Weirdness & Mutations

You are resistant to torment.
((Your stone body is resilient (AC +4).))
You are immune to poison.
You resist negative energy.
((You are resistant to electric shocks.))
((You can survive without breathing.))
You are immune to petrification.
You are immune to rotting.


Message History

You hit the orc priest but do no damage.
The orc priest is heavily wounded.
The orc priest hits you but does no damage.
You block the orc priest's attack.
Drink which item? (? for menu, Esc to quit)
It was a potion of lignification.
You turn into a tree.
Your +0 chain mail melds into your body.
Your roots penetrate the ground.
The orc priest hits you but does no damage.
You hit the orc priest but do no damage.
The orc priest is heavily wounded.
The orc priest completely misses you.
The orc priest casts a cantrip, but nothing happens.
You barely miss the orc priest.
The orc priest is heavily wounded.
The orc priest calls down the wrath of Beogh upon you.
You barely resist.
The orc priest mumbles some strange prayers to Beogh against you.
Something smites you!
You die...

Z### ### ... ..# .. #.#
#. #.#
#.####.########.#######
................>......
...............<####
.....##.####o#.## ....
#.# #♣#........ ... #.#
#.######### #. #.# #.#
# #.. #.# ##. #.# #.#
#.# #.#


You could see an orc priest.

Vanquished Creatures
  A water moccasin skeleton (D:4)
  A worker ant (D:4)
  Natasha (twice) (D:2)
  An iguana (D:4)
  2 adders
  A worm (D:2)
  3 giant geckos
  A ball python (D:2)
  3 bats
  2 giant cockroaches
  7 goblins
  4 hobgoblins
  2 jackals (D:1)
  A kobold (D:1)
  A quokka (D:2)
  A giant newt (D:2)
  3 rats
36 creatures vanquished.

Notes
Turn   | Place    | Note
--------------------------------------------------------------
     0 | D:1      | demifrog the Gargoyle Fighter began the quest for the Orb.
     0 | D:1      | Reached XP level 1. HP: 14/14 MP: 1/1
   244 | D:1      | Reached XP level 2. HP: 19/19 MP: 2/2
   709 | D:2      | Reached XP level 3. HP: 14/24 MP: 3/3
   733 | D:2      | Noticed Natasha
   907 | D:2      | Killed Natasha
   907 | D:2      | Reached skill level 4 in Fighting
   907 | D:2      | Reached XP level 4. HP: 6/29 MP: 4/4
   918 | D:2      | Noticed Natasha
  1389 | D:2      | Killed Natasha
  1526 | D:4      | Reached XP level 5. HP: 22/33 MP: 5/5
  1574 | D:4      | Reached skill level 1 in Evocations
  1579 | D:4      | Killed from afar by an orc priest

Action                   |  1- 3 |  4- 6 || total
-------------------------+-------+-------++-------
Melee: Flail             |   163 |    69 ||   232
 Abil: Evoke Berserk Rag |       |     1 ||     1
  Use: Scroll            |     5 |     3 ||     8
       Potion            |     1 |     2 ||     3
  Eat: Bread ration      |       |     1 ||     1
       Chunk             |       |     1 ||     1
